Nobbs, chaotic male elven Wizard ---------------- ------- |............... |.[[[.-# |...........(..| --------------- |[..[[|# |..*............ |...{.........| |)[[[.|# -.-------.------ #-.............| |[.[).|# # ## #-------------.- -------# ### # ## # # # ### # # # ############ # # # ############ ## --.----+-@ ### # --|------------ #---+-- |......^.` -|-+----- # |.............| #.....| |.......| |.......| ###|.............| |*...| |.......| |.......| #-.............| |..<..#### +....{..| |.......| |.............| -+---- # |.......| |..>....| --------------- ##........| |.......| --------- |.......| --------- Nobbs the Evoker Experience level: 2 Strength: 18 Dexterity: 11 Constitution: 11 Intelligence: 18 Wisdom: 10 Charisma: 10 Health: 17(17) Energy: 12(15) Def: 2 Gold: 56 Moves: 504 Dungeon seed: TChpuwBRuQOPj9Ci Game ID: Nobbs_1509484009 Your Inventory: Coins $ - 56 gold pieces Wands b - a wand of teleportation (0:4) Weapons a - a blessed +1 quarterstaff (weapon in hands) p - a +0 ranseur Armor e - an uncursed +0 cloak of magic resistance (being worn) q - an uncursed +0 pair of speed boots (being worn) Comestibles o - an uncursed tripe ration r - 2 uncursed fortune cookies Scrolls i - an uncursed scroll of enchant weapon j - an uncursed scroll of charging k - an uncursed scroll of genocide Spellbooks l - a blessed spellbook of force bolt m - an uncursed spellbook of slow monster Potions f - an uncursed potion of water g - a potion of holy water h - an uncursed potion of confusion Rings c - an uncursed +1 ring of increase accuracy (on left hand) d - an uncursed ring of conflict Tools n - an uncursed bell Spells and supernatural/magical abilities: Name Level Category Fail Memory a - force bolt 1 attack 0% 98% s - slow monster 2 enchantment 0% 98% W - pray for help -- divine ? -- Your skills at the end: Fighting Skills Weapon Skills quarterstaff [Basic] Spellcasting Skills attack spells [Basic] enchantment spells [Basic] Final Attributes: You were stridently aligned. You were magic-protected. You had infravision. You had a +1 bonus to hit. You were very fast. You were unlucky. You survived. Vanquished creatures: a kitten 4 jackals a goblin 3 grid bugs 2 lichens a newt 12 creatures vanquished. Voluntary challenges: You were an atheist. You used a wielded weapon 7 times, starting on turn 93. You were illiterate. You never genocided any monsters. You never polymorphed an object. You never changed form. You used no wishes. You never split a pudding. You never wrote Elbereth's name. You violated your moral code, losing 15 points of alignment, starting on turn 476. Dungeon overview: The Dungeons of Doom: levels 1 to 3 Level 1 some fountains a long staircase Level 2 <- You were here an armor shop, some fountains Level 3 History has recorded: On T:1 you entered the Dungeons of Doom to retrieve the Amulet of Yendor! On T:219 you reached level 2 of The Dungeons of Doom. On T:471 you reached level 3 of The Dungeons of Doom. On T:476 you advanced to experience level 2. Score breakdown: Gold: 56 ( 5972 points) Experience: 2 levels ( 5570 points) Exploration: 3 levels ( 5.88%) ( 6000 points) Discoveries: 2 items ( 0.72%) ( 2544 points) Valuables value: (no points given unless you survive) Artifact value: 0 ( 0 points) Variety of kills: 6 monsters ( 1.57%) ( 3764 points) Turncount: 504 turns ( 0 points) Survival: quit (score multiplied by 90%) Total score: 21465 Latest messages: You miss the newt. You kill the newt! You see here a newt corpse. s - a newt corpse. Blecch! Rotten food! Everything suddenly goes dark. You finish eating the newt corpse. You feel a mild buzz. $ - 49 gold pieces. You hear the footsteps of a guard on patrol. Wait! There's something there you can't see! You attack thin air. Wait! There's something there you can't see! The spell hits it. You kill it! Welcome to experience level 2. You hear the rumble of distant thunder... You can see again. You try to move the boulder, but in vain. Final status: Goodbye Nobbs the Wizard, quit... You quit in The Dungeons of Doom on dungeon level 2 with 21465 points, and 56 pieces of gold, after 504 moves. You were level 2 with a maximum of 17 hit points when you quit.